 Dungeon Crawl Stone Soup version 0.19.0-11-g3fc08b3 (webtiles) character file.

121 McCoppin the Skirmisher (level 4, -2/38 HPs)
             Began as a Demonspawn Necromancer on Nov 10, 2016.
             Slain by a white imp (4 damage)
             ... summoned by Natasha
             ... on level 2 of the Dungeon.
             The game lasted 00:08:30 (1862 turns).

McCoppin the Skirmisher (Demonspawn Necromancer)    Turns: 1862, Time: 00:08:30

Health: -2/38      AC:  2    Str:  9    XL:     4   Next: 77%
Magic:  7/7        EV: 12    Int: 17    God:
Gold:   138        SH:  0    Dex: 13    Spells: 2 memorised, 3 levels left

rFire  . . .     SeeInvis .     e - +0 dagger (drain)
rCold  . . .     Gourm    .     a - +0 robe
rNeg   . . .     Faith    .     (no shield)
rPois  .         Spirit   .     (no helmet)
rElec  .         Reflect  .     (no cloak)
rCorr  .         Harm     .     (no gloves)
MR     .....                    (no boots)
Stlth  +++.......               (no amulet)
                                (no ring)
                                (no ring)

@: no status effects
A: claws 1, nightstalker 1, powered by death 1
a: no special abilities


You were on level 2 of the Dungeon.
You were not hungry.

You visited 1 branch of the dungeon, and saw 2 of its levels.

You collected 138 gold pieces.

Inventory:

Hand Weapons
 d - a +0 dagger
 e - a +0 dagger of draining (weapon)
Armour
 a - a +0 robe (worn)
 n - a +0 leather armour
Scrolls
 i - a scroll of teleportation {unknown}
 j - a scroll of magic mapping {unknown}
 k - a scroll of enchant armour {unknown}
 l - a scroll of random uselessness {unknown}
 p - a scroll of fear {unknown}
 q - a scroll of immolation {unknown}
Potions
 f - a potion of flight
Books
 b - a book of Necromancy

   Spells                             Type                      Level
   a - Pain                           Necromancy                   1
   b - Animate Skeleton               Necromancy                   1
   c - Vampiric Draining              Necromancy                   3
   d - Regeneration                   Charms/Necromancy            3
   e - Animate Dead                   Necromancy                   4
   f - Control Undead                 Necromancy                   4
Comestibles
 c - 2 bread rations
 g - a beef jerky
 h - 3 fruits
 o - a meat ration


   Skills:
 + Level 4.4 Fighting
 - Level 1.7 Dodging
 - Level 1.7 Stealth
 - Level 2.0 Spellcasting
 - Level 4.3 Necromancy


You had 3 spell levels left.
You knew the following spells:

 Your Spells              Type           Power        Failure   Level  Hunger
a - Pain                  Necr           ###.         3%          1    #......
b - Regeneration          Chrm/Necr      #.........   24%         3    ###....


Dungeon Overview and Level Annotations

Branches:
Dungeon (2/15)

Altars:

Annotations:
D:2 Natasha


Innate Abilities, Weirdness & Mutations

You have sharp fingernails.
You are slightly more attuned to the shadows.
You regenerate a little health from kills.


Message History

The white imp gestures at you. The puff of frost hits you!
You hit the white imp but do no damage.
The white imp is lightly wounded.
The white imp hits you. The white imp freezes you.
You barely miss the white imp.
The white imp is lightly wounded.
The white imp gestures at you. The puff of frost hits you!
You barely miss the white imp.
The white imp is lightly wounded.
The white imp gestures at you. The puff of frost hits you!
* * * LOW HITPOINT WARNING * * *
You hit the white imp but do no damage.
The white imp is lightly wounded.
The white imp hits you.
* * * LOW HITPOINT WARNING * * *
The white imp freezes you.
You die...

###.#..#
#...#..#
#......#
#.#.#.##
#.#.#.#
#.#.#.#
# #.#.#
#.#.#
..#@#
#5#
......h#
#####...
#.#.# #.
.# #. .#
.. .#


You could see Natasha and a white imp.

Vanquished Creatures
  Natasha (D:2)
  Robin (D:2)
  A gnoll (D:1)
  3 adders (D:2)
  A dart slug (D:1)
  5 giant cockroaches
  12 goblins
  6 hobgoblins
  6 kobolds
  2 bats (D:2)
  A frilled lizard (D:2)
  8 rats
47 creatures vanquished.

Notes
Turn   | Place    | Note
-------+----------+-------------------------------------------
     0 | D:1      | McCoppin the Demonspawn Necromancer began the quest for the Orb.
     0 | D:1      | Reached XP level 1. HP: 13/13 MP: 3/3
    79 | D:1      | Reached skill level 1 in Fighting
   150 | D:1      | Gained mutation: You regenerate a little health from kills. [demonic ancestry]
   150 | D:1      | Reached XP level 2. HP: 10/22 MP: 0/5
   712 | D:1      | Gained mutation: You are slightly more attuned to the shadows. [demonic ancestry]
   712 | D:1      | Reached XP level 3. HP: 25/28 MP: 2/6
  1075 | D:2      | Learned a level 3 spell: Regeneration
  1482 | D:2      | Noticed Robin
  1598 | D:2      | Killed Robin
  1631 | D:2      | Gained mutation: You have sharp fingernails. [demonic ancestry]
  1631 | D:2      | Reached XP level 4. HP: 16/36 MP: 2/7
  1796 | D:2      | Noticed Natasha
  1803 | D:2      | Killed Natasha
  1851 | D:2      | Noticed Natasha
  1862 | D:2      | Slain by a white imp

Skill      XL: |  1  2  3  4 |
---------------+-------------+-----
Fighting       | 1 2 3 4 |  4.4
Dodging        | |  1.7
Stealth        | |  1.7
Spellcasting   | |  2.0
Necromancy     | |  4.3

Action                   |  1- 3 |  4- 6 || total
-------------------------+-------+-------++-------
Melee: Dagger            |   140 |    29 ||   169
 Cast: Pain              |    31 |     6 ||    37
  Use: Potion            |     3 |       ||     3
 Stab: Sleeping          |     1 |     3 ||     4
  Eat: Chunk             |     3 |     1 ||     4
Armor: Robe              |    14 |     1 ||    15
Dodge: Dodged            |    90 |    19 ||   109
